AoeStats
← Bussa

Arena

509017056Analyzed
4v4 RM · 9d ago on Sep 25, 2026· 42m 54s· 8 players
Game mode
Random Map
Map size
Large (8 player)
Population
200
Speed
Normal
Resources
Standard
Victory
Conquest
Starting age
Dark Age
Ending age
Imperial Age
RankedLock teamsTeams togetherTeam positionsShared explorationLock speedFull tech treeHidden civsTurbo modeCheats
Victory
Defeat
🇺🇸 Vietnamese · United States
1246
+14
🇺🇸 Chinese · United States
1245
+14
🇺🇸 Bengalis · United States
1222
+15
🇺🇸 Romans · United States
1138
+18
🇺🇸 Ethiopians · United States
1273
-19
🇺🇸 Cumans · United States
1181
-15
🇺🇸 Vikings · United States
1174
-14
🇺🇸 Maya · United States
1140
-13
Bussa
10:55 Feudal Age
14:38 Wheelbarrow
19:15 Castle Age
18:03 Loom
19:46 Fletching
21:59 Double-Bit Axe
28:51 Forging
39:24 Imperial Age
37:27 Bloodlines
36:46 Light Cavalry
37:46 Scale Barding Armor
37:40 Town Watch
38:09 Horse Collar
39:30 Hussar
40:08 Cavalier
shockmystic
11:14 Feudal Age
15:39 Castle Age
16:17 Forging
15:56 Arson
16:14 Scale Mail Armor
16:45 Loom
17:32 Double-Bit Axe
19:17 Iron Casting
22:36 Horse Collar
24:31 Wheelbarrow
25:51 Town Watch
28:53 Hand Cart
32:12 Town Patrol
32:11 Gold Mining
32:45 Squires
33:02 Chain Mail Armor
33:46 Heavy Plow
34:02 Bow Saw
38:55 Imperial Age
36:35 Fletching
36:45 Padded Archer Armor
37:50 Crossbowman
38:36 Thumb Ring
39:13 Ballistics
38:59 Arbalester
40:10 Bodkin Arrow
41:30 Masonry
41:33 Fortified Wall
42:06 Conscription
42:40 Bracer
3lbsofSalt[FAM]
0:38 Loom
10:46 Feudal Age
12:16 Double-Bit Axe
15:09 Castle Age
13:20 Double-Bit Axe
13:17 Horse Collar
16:51 Bow Saw
19:16 Wheelbarrow
19:45 Heavy Plow
21:40 Hand Cart
21:37 Town Watch
28:11 Pikeman
31:28 Imperial Age
29:54 Forging
29:44 Scale Mail Armor
31:20 Iron Casting
32:00 Ballistics
32:31 Heavy Scorpion
33:40 Chain Mail Armor
36:07 Crop Rotation
35:18 Halberdier
37:26 Chemistry
42:10 Plate Mail Armor
42:41 Blast Furnace
BiggestNerd
10:29 Feudal Age
14:57 Castle Age
12:57 Double-Bit Axe
12:56 Horse Collar
16:18 Bow Saw
16:35 Heavy Plow
19:35 Loom
21:01 Gold Mining
21:03 Stone Mining
21:32 Town Watch
23:01 Gold Shaft Mining
25:27 Fletching
28:25 Ballistics
28:55 Forging
28:46 Scale Mail Armor
30:24 Iron Casting
30:42 Bodkin Arrow
33:42 Chain Mail Armor
36:44 Imperial Age
36:07 Squires
Bensun
0:25 Loom
10:27 Feudal Age
14:15 Castle Age
12:49 Double-Bit Axe
12:57 Stone Mining
13:26 Horse Collar
15:46 Fletching
16:30 Bow Saw
19:53 Heavy Plow
23:02 Gold Mining
24:25 Bodkin Arrow
32:25 Imperial Age
30:30 Padded Archer Armor
31:55 Wheelbarrow
32:37 Gold Shaft Mining
32:23 Leather Archer Armor
33:19 Ballistics
33:14 Bracer
34:16 Chemistry
34:32 Two-Man Saw
35:14 Stone Shaft Mining
36:20 Ring Archer Armor
36:02 Masonry
36:09 Hand Cart
35:39 Elite Chu Ko Nu
38:15 Thumb Ring
40:20 Conscription
40:33 Town Watch
我有低保我先上
10:16 Feudal Age
14:35 Castle Age
13:11 Double-Bit Axe
13:07 Horse Collar
16:47 Wheelbarrow
16:25 Bow Saw
16:50 Heavy Plow
21:38 Hand Cart
21:17 Gold Mining
22:56 Scale Barding Armor
23:35 Forging
23:59 Bloodlines
24:27 Husbandry
26:30 Loom
29:27 Stone Mining
32:12 Chain Barding Armor
32:28 Iron Casting
37:01 Imperial Age
34:24 Fletching
35:41 Stone Shaft Mining
35:32 Bodkin Arrow
35:20 Elite Skirmisher
36:06 Thumb Ring
36:36 Padded Archer Armor
36:58 Ballistics
36:21 Treadmill Crane
37:50 Leather Archer Armor
37:30 Imperial Skirmisher
38:19 Bracer
38:58 Plate Barding Armor
38:04 Elite Battle Elephant
40:03 Chemistry
39:36 Ring Archer Armor
39:16 Siege Engineers
38:54 Elite Battle Elephant
41:17 Two-Man Saw
IronButton64833
6:16 Loom
9:59 Feudal Age
10:35 Double-Bit Axe
11:07 Horse Collar
16:43 Castle Age
17:04 Scale Mail Armor
17:36 Bow Saw
17:28 Heavy Plow
19:15 Chain Mail Armor
20:43 Pikeman
26:23 Wheelbarrow
31:51 Imperial Age
30:00 Fervor
30:51 Hand Cart
32:11 Ballistics
31:53 Squires
32:28 Forging
33:37 Chemistry
32:29 Halberdier
33:34 Town Watch
33:59 Siege Engineers
35:15 Heavy Scorpion
36:39 Iron Casting
37:15 Block Printing
37:31 Illumination
38:49 Blast Furnace
37:43 Fletching
38:07 Masonry
38:30 Town Patrol
38:38 Gold Mining
38:38 Stone Mining
39:26 Conscription
39:13 Ballistas
40:23 Architecture
40:26 Comitatenses
41:31 Fortified Wall
41:38 Scale Barding Armor
41:29 Bodkin Arrow
Angelo
1:51 Loom
11:47 Feudal Age
16:24 Castle Age
14:28 Gold Mining
15:32 Bloodlines
15:30 Double-Bit Axe
16:35 Horse Collar
17:13 Fletching
19:11 Padded Archer Armor
20:57 Heavy Plow
21:32 Elite Skirmisher
24:32 Bodkin Arrow
25:47 Leather Archer Armor
27:18 Forging
27:14 Scale Barding Armor
31:56 Wheelbarrow
34:07 Hand Cart
33:44 Stone Mining
36:27 Ballistics
40:09 Paiks
44:42 Imperial Age
42:19 Scale Barding Armor
42:50 Iron Casting
Connection lost

Rejoining the realm…

Still unreachable

The connection could not be restored.

Session expired

The server has moved on; the page needs a fresh start.